 Dungeon Sprint DCSS version 0.27-a0-489-g24c7b1a3ef (webtiles) character file.

Game seed: 564429884797755490

881 rocky1 the Geomancer (level 7, -1/48 (51) HPs)
             Began as a Pale Draconian Earth Elementalist on Mar 2, 2021.
             Was a High Priest of Sif Muna.
             Killed from afar by an eidolon (28 damage)
             ... with a bolt of negative energy
             ... in the Dungeon (Sprint VII: "The Pits").
             The game lasted 00:07:36 (890 turns).

rocky1 the Geomancer (DrEE)                          Turns: 890, Time: 00:07:37

HP:   -1/48 (51)    AC:  6    Str: 10      XL:     7   Next: 75%
MP:   10/16         EV: 15    Int: 16 (17) God:    Sif Muna [*****.]
Gold: 0             SH:  0    Dex: 12      Spells: 4/18 levels left

rFire    . . .     SeeInvis .   a - +2 flail (protect)
rCold    . . .     Faith    .   (no shield)
rNeg     . . .     Spirit   .   (armour unavailable)
rPois    .         Reflect  .   (helmet restricted)
rElec    .         Harm     .   (no cloak)
rCorr    .         Rampage  .   (no gloves)
Will     .....     NoTele   +   (no boots)
Stlth    ++........             (no amulet)
HPRegen  0.16/turn              (no ring)
MPRegen  0.15/turn              (no ring)

@: very slightly contaminated, slowed, drained, very slow
A: breathe steam, unfitting armour, cold-blooded, AC +6
a: Breathe Steam, Renounce Religion, Channel Magic, Forget Spell, Divine
Exegesis


You were in the Dungeon.
You worshipped Sif Muna.
Sif Muna was extremely pleased with you.
You visited 1 branch

Inventory:

Hand Weapons
 a - a +2 flail of protection (weapon)
 e - a +0 quarterstaff of speed
Missiles
 b - 5 stones
Scrolls
 h - a scroll of blinking
 j - 5 scrolls of amnesia
 k - a scroll of summoning
Potions
 c - 6 potions of curing
 d - 3 potions of heal wounds
 f - 2 potions of magic
 g - 2 potions of berserk rage
 i - 2 potions of invisibility
 l - a potion of mutation {unknown}


   Skills:
 - Level 0.5 Fighting
 - Level 2.3 Staves
 + Level 6.1 Dodging
 - Level 1.7 Stealth
 - Level 1.8 Unarmed Combat
 + Level 6.1 Spellcasting
 + Level 6.2 Conjurations
 + Level 6.3 Transmutations
 + Level 2.5 Fire Magic
 + Level 10.9 Earth Magic


You had 4 spell levels left.
You knew the following spells:

 Your Spells              Type           Power        Failure   Level
a - Sandblast             Erth           78%          1%          1
b - Stone Arrow           Conj/Erth      64%          1%          3
c - Lee's Rapid Deconstr  Erth           19%          4%          5
d - Bolt of Magma         Conj/Fire/Erth 12%          26%         5

Your spell library contained the following spells:

 Spells                   Type           Power        Failure   Level
 Passwall                 Tmut/Erth      26%          1%          2
 Petrify                  Tmut/Erth      32%          3%          4
 Leda's Liquefaction      Hex/Erth       11%          14%         4
 Iron Shot                Conj/Erth      16%          52%         6
 Statue Form              Tmut/Erth      21%          52%         6
 Shatter                  Erth           19%          100%        9
 Animate Armour           Summ/Erth      Unusable     N/A         4

Dungeon Overview and Level Annotations

Branches:
Dungeon (1/1)

Altars:
Ashenzari
Cheibriados
Dithmenos
Elyvilon
Fedhas
Gozag
Hepliaklqana
Kikubaaqudgha
Makhleb
Nemelex Xobeh
Okawaru
Qazlal
Ru
Sif Muna
Trog
Uskayaw
Vehumet
Wu Jian
Xom
Yredelemnul
Zin
The Shining One
Beogh
Jiyva
Lugonu

Annotations:
D Prince Ribbit


Innate Abilities, Weirdness & Mutations

You can breathe blasts of scalding, opaque steam.
Your pale cyan-grey scales are hard. (AC +6)
You cannot fit into any form of body armour.
You are cold-blooded and may be slowed by cold attacks.


Message History

Deactivating autopickup; reactivate with Ctrl-A.
Casting: Lee's Rapid Deconstruction (dangerous; 4% risk of failure)
Confirm with . or Enter, or press ? or * to list all spells.
Aiming: Lee's Rapid Deconstruction (dangerous; 4% risk of failure)
Press: ? - help, Dir - move target A metal wall.
The metal wall shatters!
The blast of metal fragments hits the eidolon!
The eidolon is severely damaged.
Sif Muna accepts your kill.
You feel a bit more experienced.
The blast of metal fragments hits the guardian mummy!
The guardian mummy is severely damaged.
The eidolon hits you. The eidolon drains your vigour!
You feel yourself slow down. The eidolon hits you.
You feel dopey. The eidolon hits you! The eidolon drains your vigour!
You feel as though you will be slow longer.
The eidolon hits you!
Unknown command.
Casting: Lee's Rapid Deconstruction (dangerous; 4% risk of failure)
Confirm with . or Enter, or press ? or * to list all spells.
Aiming: Lee's Rapid Deconstruction (dangerous; 4% risk of failure)
Press: ? - help, Dir - move target A metal wall.
The metal wall shatters!
The blast of metal fragments hits the guardian mummy!!
You destroy the guardian mummy!
Sif Muna accepts your kill.
You feel extremely nervous for a moment...
The world around you seems to dim momentarily.
The blast of metal fragments hits the eidolon!
The eidolon is severely damaged.
Sif Muna accepts your kill.
You feel a bit more experienced.
The blast of metal fragments hits something!
The eidolon stares piercingly at you. The bolt of negative energy hits you!!
You feel drained.
Ouch! That really hurt!
You die...

#)#........##.......#
#[###########.......#
#..#.#.##..##########
#.......#)# ####
##.#.#.##)#....#
#.......#'#....#
##.#.#.##.)..M.+
#.......#W#.o..#
##.#.#..@.# ...#
########## ###


You could see an eidolon.

Vanquished Creatures
  A guardian mummy (D)
  A polar bear (D)
  A floating eye (D)
  An orc warrior (D)
  A necrophage (D)
  A black bear (D)
  A sky beast (D)
  A gnoll sergeant (D)
  A jelly (D)
  An orc priest (D)
  Jessica (D)
  2 orc wizards (D)
  4 gnolls (D)
  An adder (D)
  A river rat (D)
  3 orcs (D)
  A giant cockroach (D)
  A hobgoblin (D)
  3 jackals (D)
  A quokka (D)
  A bat (D)
  2 frilled lizards (D)
31 creatures vanquished.

Notes
Turn   | Place    | Note
-------+----------+-------------------------------------------
     0 | D        | rocky1 the Draconian Earth Elementalist began the quest for
                  | the Orb.
     0 | D        | Reached XP level 1. HP: 14/14 MP: 3/3
    62 | D        | Found a bloodstained altar of Trog.
    62 | D        | Found a shimmering blue altar of Sif Muna.
    62 | D        | Found a viscous altar of Jiyva.
    62 | D        | Found a hazy altar of Hepliaklqana.
    62 | D        | Found an opulent altar of Gozag.
    63 | D        | Found a glowing golden altar of the Shining One.
    63 | D        | Found a glowing silver altar of Zin.
    63 | D        | Found a basalt altar of Yredelemnul.
    63 | D        | Found a shimmering altar of Xom.
    63 | D        | Found an ornate altar of the Wu Jian Council.
    63 | D        | Found a sacrificial altar of Ru.
    63 | D        | Found a stormy altar of Qazlal.
    63 | D        | Found an iron altar of Okawaru.
    63 | D        | Found a sparkling altar of Nemelex Xobeh.
    63 | D        | Found a burning altar of Makhleb.
    63 | D        | Found a blossoming altar of Fedhas.
    63 | D        | Found a white marble altar of Elyvilon.
    63 | D        | Found a shadowy altar of Dithmenos.
    63 | D        | Found a snail-covered altar of Cheibriados.
    66 | D        | Found a corrupted altar of Lugonu.
    66 | D        | Found a radiant altar of Vehumet.
    66 | D        | Found a roughly hewn altar of Beogh.
    67 | D        | Found an ancient bone altar of Kikubaaqudgha.
    67 | D        | Found a hide-covered altar of Uskayaw.
    67 | D        | Found a broken altar of Ashenzari.
    68 | D        | Became a worshipper of Sif Muna the Loreminder
    94 | D        | Reached skill level 4 in Earth Magic
    98 | D        | Reached * piety under Sif Muna
    99 | D        | Reached skill level 5 in Earth Magic
    99 | D        | Reached XP level 2. HP: 17/20 MP: 1/5
   104 | D        | Reached ** piety under Sif Muna
   250 | D        | Noticed a sky beast
   257 | D        | Killed a sky beast
   258 | D        | Reached skill level 1 in Unarmed Combat
   258 | D        | Reached skill level 8 in Earth Magic
   258 | D        | Reached XP level 3. HP: 23/26 MP: 0/6
   258 | D        | Reached XP level 4. HP: 29/33 MP: 0/7
   340 | D        | Learned a level 3 spell: Stone Arrow
   341 | D        | Noticed a gnoll sergeant
   347 | D        | Noticed a necrophage
   350 | D        | Reached *** piety under Sif Muna
   353 | D        | Noticed Prince Ribbit
   358 | D        | Noticed Jessica
   359 | D        | Killed a necrophage
   360 | D        | Reached skill level 9 in Earth Magic
   360 | D        | Reached XP level 5. HP: 30/39 MP: 0/10
   363 | D        | Noticed a black bear
   378 | D        | Killed a black bear
   378 | D        | Reached **** piety under Sif Muna
   379 | D        | Reached XP level 6. HP: 13/46 MP: 0/12
   391 | D        | Reached skill level 10 in Earth Magic
   395 | D        | Killed Jessica
   395 | D        | Reached ***** piety under Sif Muna
   395 | D        | Received a gift from Sif Muna
   571 | D        | Learned a level 5 spell: Lee's Rapid Deconstruction
   580 | D        | Reached skill level 5 in Spellcasting
   580 | D        | Reached skill level 5 in Transmutations
   627 | D        | Noticed a polar bear
   634 | D        | Killed a polar bear
   635 | D        | Reached skill level 5 in Dodging
   635 | D        | Reached skill level 5 in Conjurations
   635 | D        | Your scales start taking on a pale cyan-grey colour.
   635 | D        | Reached XP level 7. HP: 22/51 MP: 1/15
   807 | D        | Learned a level 5 spell: Bolt of Magma
   811 | D        | Reached skill level 1 in Fire Magic
   883 | D        | Noticed a guardian mummy
   883 | D        | Noticed an eidolon
   887 | D        | Identified Sif Muna's Incunabulum of the Voyage and
                  | Bewitchment (Sif Muna gifted it to you in the Dungeon)
   887 | D        | Received a gift from Sif Muna
   890 | D        | Killed a guardian mummy
   890 | D        | Killed from afar by an eidolon

Illustrated notes

Levels and vault maps discovered:
D:        pitsprint [storerooms_1, entrance_room_1, metal_vault_6, armoury_3,
          mini_pit_1, grid_room_1, main_hall_1, silver_pit, the_coven_3,
          the_vestibule_1, steel_vault_3, golden_pit, hallway_of_sentries,
          crystal_vault_6, iron_vault_5, final_vault]

Skill      XL: |  1  2  3  4  5  6  7 |
---------------+----------------------+-----
Earth Magic    | 5 8 9 10 | 10.9
Staves         | 2 |  2.3
Unarmed Combat | 1 |  1.8
Dodging        | 3 4 5 6 |  6.1
Spellcasting   | 3 4 5 6 |  6.1
Conjurations   | 2 3 5 6 |  6.2
Transmutations | 3 4 5 6 |  6.3
Fire Magic     | 2 |  2.5
Fighting       | |  0.5
Stealth        | |  1.7

Action                   |  1- 3 |  4- 6 |  7- 9 || total
-------------------------+-------+-------+-------++-------
Melee: Unarmed           |    18 |       |       ||    18
       Quarterstaff      |    15 |     9 |       ||    24
       Tailslap          |     2 |     4 |       ||     6
       Flail             |       |    14 |       ||    14
 Cast: Sandblast         |     7 |    28 |       ||    35
       Lee's Rapid Decon |       |     3 |     5 ||     8
Invok: Channel Magic     |       |       |     1 ||     1
  Use: Potion            |     1 |     6 |       ||     7
Armor: Skin              |    12 |    10 |     1 ||    23
Dodge: Dodged            |    47 |    39 |       ||    86

Table legend: (Time is in decaauts)
 A = Elapsed time spent in this place.
 B = Non-inter-level travel time spent in this place.
 C = Inter-level travel time spent in this place.
 D = Time resting spent in this place.
 E = Time spent auto-exploring this place.
 F = Levels seen in this place.
 G = Mean time per level.
                   A        B        C        D        E       F      G
               +--------+--------+--------+--------+--------+-----+--------+
         Total |    892 |    892 |      0 |    568 |      0 |   1 |  892.0 |
       Dungeon |    892 |    892 |      0 |    568 |      0 |   1 |  892.0 |
               +--------+--------+--------+--------+--------+-----+--------+

Top non-repeatable levels by time:
       D: 892 daAuts
